[Event "42nd Olympiad Baku 2016 Open"]
[Site "Baku"]
[Date "2016.09.05"]
[Round "4.21"]
[White "Wojciechowski, Paul"]
[Black "Machin Rivera, Mark"]
[Result "0-1"]
[ECO "B06"]
[WhiteElo "1992"]
[BlackElo "2339"]
[Annotator ""]
[PlyCount "82"]
[EventDate "2016.??.??"]
[EventCountry "AZE"]
[SourceTitle "playchess.com"]
[Source "ChessBase"]
[WhiteTeam "Channel Islands"]
[BlackTeam "Puerto Rico"]
[WhiteTeamCountry "JCI"]
[BlackTeamCountry "PUR"]
[TimeControl "40/5400+30:1800+30"]

1. e4 {(00:00)} g6 {(00:00)} 2. d4 {(00:00)} Bg7 {(
00:00)} 3. Nc3 {(00:11)} d6 {(00:00)} 4. f4 {(00:51)} a6 {
(00:00)} 5. Nf3 {(02:56)} b5 {(00:13)} 6. Bd3 {(04:
35)} Nd7 {(00:29)} 7. O-O {(06:56)} c5 {(01:05)} 8. dxc5 {
(02:26)} Nxc5 {(00:14)} 9. Be3 {(00:13)} Bb7 {(01:
02)} 10. e5 {(06:42)} Nxd3 {(07:08)} 11. cxd3 {(00:59)}
dxe5 {(00:54)} 12. fxe5 {(01:56)} Nh6 {(00:40)} 13. d4 {
(13:04)} O-O {(01:05)} 14. Qe2 {(12:49)} Nf5 {(03:
07)} 15. Rad1 {(00:56)} b4 {(00:56)} 16. Na4 {(01:17)} Bc6
{(00:12)} 17. Nc5 {(00:39)} Bb5 {(04:37)} 18. Nd3 {
(00:20)} Qd5 {(02:06)} 19. Qd2 {(03:54)} Bxd3 {(26:
55)} 20. Qxd3 {(00:14)} Qxa2 {(00:12)} 21. b3 {(10:54)}
Qa5 {(04:15)} 22. Bc1 {(02:22)} e6 {(03:24)} 23. Bb2 {
(01:18)} Qb6 {(03:33)} 24. Kh1 {(01:14)} a5 {(01:
07)} 25. Ra1 {(05:25)} Rad8 {(08:06)} 26. Qe4 {(02:28)}
Rd5 {(02:42)} 27. Rac1 {(03:54)} Bh6 {(01:53)} 28. Rce1 {
(01:11)} Rc8 {(01:50)} 29. Rf2 {(01:57)} Qb7 {(05:
22)} 30. g4 {(04:14)} Ne7 {(00:29)} 31. h4 {(00:42)} Rd7 {
(00:37)} 32. Qd3 {(03:20)} Bf4 {(02:01)} 33. Re4 {(
03:29)} Nd5 {(01:07)} 34. Kg1 {(00:15)} Bc1 {(03:14)} 35.
Ng5 {(02:30)} Bxb2 {(01:20)} 36. Rxb2 {(00:02)} Rc1+ {
(00:14)} 37. Kh2 {(00:09)} Nc3 {(01:14)} 38. Qd2 {(
00:30)} Rd1 {(00:26)} 39. Qg2 {(00:38)} h6 {(00:12)} 40.
Rf4 {(00:00)} Qxg2+ 41. Kxg2 {(01:50)} hxg5 {(00:21)} 0-1

[Event "42nd Olympiad Baku 2016 Open"]
[Site "Baku"]
[Date "2016.09.05"]
[Round "4.26"]
[White "Yahi Mohamed Salem"]
[Black "Gajadin, Dewperkash"]
[Result "0-1"]
[ECO "D37"]
[WhiteElo "1852"]
[BlackElo "2027"]
[Annotator ""]
[PlyCount "106"]
[EventDate "2016.??.??"]
[EventCountry "AZE"]
[SourceTitle "playchess.com"]
[Source "ChessBase"]
[WhiteTeam "MTN"]
[BlackTeam "Surinam"]
[BlackTeamCountry "SUR"]
[TimeControl "40/5400+30:1800+30"]

1. d4 {(00:00)} Nf6 {(00:00)} 2. c4 {(00:00)} e6 {(
00:00)} 3. Nc3 {(00:05)} d5 {(00:00)} 4. Nf3 {(02:30)} Be7
{(02:33)} 5. e3 {(00:50)} O-O {(02:04)} 6. cxd5 {(
00:15)} exd5 {(02:46)} 7. Be2 {(00:20)} b6 {(01:39)} 8.
O-O {(00:53)} Bb7 {(04:58)} 9. Qc2 {(01:29)} Nbd7 {
(04:46)} 10. Rd1 {(02:05)} Rc8 {(13:22)} 11. Qa4 {(
06:33)} a5 {(08:31)} 12. Ne5 {(04:19)} c6 {(01:38)} 13.
Nxd7 {(08:24)} Qxd7 {(00:46)} 14. Bf3 {(00:49)} Qf5 {
(05:09)} 15. Qb3 {(11:36)} b5 {(06:21)} 16. Ne2 {(
02:09)} Ne4 {(06:00)} 17. Bxe4 {(01:16)} dxe4 {(01:09)}
18. Bd2 {(01:20)} a4 {(02:26)} 19. Ng3 {(03:53)} Qg6 {
(00:32)} 20. Qc2 {(01:32)} c5 {(00:54)} 21. dxc5 {(
03:10)} Rxc5 {(01:55)} 22. Qb1 {(00:56)} Rg5 {(02:42)} 23.
Bc3 {(01:18)} Bc6 {(03:33)} 24. a3 {(03:33)} h5 {(
01:34)} 25. h4 {(18:59)} Rg4 {(05:53)} 26. Bb4 {(01:33)}
Bxb4 {(01:31)} 27. axb4 {(00:14)} Rxh4 {(00:39)} 28. Ne2 {
(01:20)} Rg4 {(02:45)} 29. Nf4 {(00:22)} Qh6 {(04:
55)} 30. Qc2 {(01:31)} h4 {(00:53)} 31. Qc5 {(01:03)} Rg5
{(01:50)} 32. Qd6 {(00:31)} Qxd6 {(06:09)} 33. Rxd6 {
(00:08)} Be8 {(00:55)} 34. Rc1 {(00:41)} Re5 {(00:
53)} 35. Rc8 {(01:04)} Kh7 {(04:13)} 36. Rdd8 {(00:15)} f6
{(00:43)} 37. Ne2 {(10:05)} Rg8 {(00:47)} 38. Nd4 {
(03:48)} Bf7 {(00:29)} 39. Rxg8 {(00:47)} Bxg8 {(
00:03)} 40. Rc5 {(00:00)} Rxc5 {(00:00)} 41. bxc5 {(01:38]
} b4 {(01:30)} 42. c6 {(06:08)} Bd5 {(03:32)} 43. c7 {
(01:13)} Bb7 {(00:16)} 44. Kf1 {(02:22)} a3 {(03:
49)} 45. bxa3 {(00:14)} bxa3 {(00:02)} 46. Ke1 {(00:29)}
a2 {(00:03)} 47. Nb3 {(00:14)} g5 {(00:05)} 48. Kd2 {
(13:33)} g4 {(02:04)} 49. Ke1 {(04:18)} Kg6 {(00:
53)} 50. Kf1 {(01:34)} Kf7 {(00:59)} 51. f4 {(01:49)} exf3
{(01:10)} 52. gxf3 {(00:12)} g3 {(02:23)} 53. Kg2 {
(00:51)} Ke7 {(00:33)} 0-1

[Event "42nd Olympiad Baku 2016 Open"]
[Site "Baku"]
[Date "2016.09.05"]
[Round "4.14"]
[White "Yang ching Wei, Austin"]
[Black "Kadric, Denis"]
[Result "0-1"]
[ECO "B06"]
[WhiteElo "1997"]
[BlackElo "2583"]
[Annotator ""]
[PlyCount "92"]
[EventDate "2016.??.??"]
[EventCountry "AZE"]
[SourceTitle "playchess.com"]
[Source "ChessBase"]
[WhiteTeam "TPE"]
[BlackTeam "BIH"]
[BlackTeamCountry "BIH"]
[TimeControl "40/5400+30:1800+30"]

1. e4 {(00:00)} g6 {(00:00)} 2. d4 {(00:00)} Bg7 {(
00:00)} 3. Nc3 {(01:41)} a6 {(00:00)} 4. a4 {(02:22)} d6 {
(00:00)} 5. f4 {(03:56)} Nc6 {(02:24)} 6. Be3 {(02:
25)} Nf6 {(00:19)} 7. Nf3 {(08:11)} O-O {(00:10)} 8. h3 {
(02:03)} e6 {(02:28)} 9. Be2 {(02:08)} b6 {(00:47)}
10. O-O {(01:20)} Bb7 {(00:02)} 11. Qd2 {(07:42)} Ne7 {
(02:29)} 12. e5 {(03:02)} Nfd5 {(05:10)} 13. Nxd5 {
(04:30)} Nxd5 {(01:44)} 14. c4 {(02:01)} Nxe3 {(00:
59)} 15. Qxe3 {(00:06)} f6 {(01:58)} 16. Nh2 {(04:35)}
fxe5 {(12:05)} 17. fxe5 {(02:15)} dxe5 {(00:04)} 18. dxe5
{(00:42)} Qe7 {(04:18)} 19. Rxf8+ {(05:25)} Rxf8 {(
01:43)} 20. Rd1 {(00:05)} Bc6 {(07:54)} 21. b3 {(11:24)}
Rf5 {(09:49)} 22. Ng4 {(02:27)} h5 {(00:03)} 23. Nh6+ {
(01:36)} Bxh6 {(00:03)} 24. Qxh6 {(00:05)} Rg5 {(
00:01)} 25. Bf1 {(14:42)} Be8 {(00:04)} 26. Kh1 {(01:41)}
Rxe5 {(00:36)} 27. Bd3 {(01:01)} Qg5 {(04:31)} 28. Qxg5 {
(00:52)} Rxg5 {(00:02)} 29. Be4 {(00:12)} Kf7 {(02:
30)} 30. Kg1 {(04:07)} Re5 {(00:48)} 31. Bf3 {(00:42)} Re3
{(00:45)} 32. Rb1 {(00:24)} a5 {(00:20)} 33. Kf2 {(
00:07)} Rd3 {(00:03)} 34. Ke2 {(00:16)} Rd4 {(00:01)} 35.
Ke3 {(00:11)} c5 {(00:03)} 36. Be4 {(00:24)} h4 {(
01:09)} 37. Rf1+ {(00:48)} Ke7 {(01:04)} 38. g3 {(06:56)}
hxg3 {(00:04)} 39. Rg1 {(00:05)} g2 {(00:01)} 40. Bxg2 {
(00:00)} Rh4 {(00:00)} 41. Rd1 {(02:28)} g5 {(00:
17)} 42. Rd2 {(01:50)} Bg6 {(00:07)} 43. Kf3 {(01:44)} Bf5
{(00:03)} 44. Kg3 {(00:06)} Rd4 {(00:02)} 45. Rb2 {
(00:46)} Rd3+ {(00:07)} 46. Kh2 {(00:05)} Rc3 {(00:
09)} 0-1

[Event "42nd Olympiad Baku 2016 Open"]
[Site "Baku"]
[Date "2016.09.05"]
[Round "4.19"]
[White "Yilmaz, Mustafa"]
[Black "McNab, Colin A"]
[Result "1-0"]
[ECO "A41"]
[WhiteElo "2616"]
[BlackElo "2434"]
[Annotator ""]
[PlyCount "83"]
[EventDate "2016.??.??"]
[EventCountry "AZE"]
[SourceTitle "playchess.com"]
[Source "ChessBase"]
[WhiteTeam "Turkey"]
[BlackTeam "Scotland"]
[WhiteTeamCountry "TUR"]
[BlackTeamCountry "SCO"]
[TimeControl "40/5400+30:1800+30"]

1. d4 g6 2. c4 d6 3. Nc3 Bg7 4. Nf3 e5 5. e4 Nc6 6. Bg5 f6 7. Be3 Nh6 8. dxe5
Nxe5 9. Be2 Nhg4 10. Bf4 Nxf3+ 11. Bxf3 Ne5 12. Be2 Be6 13. b3 O-O 14. Rc1 f5
15. exf5 Rxf5 16. Be3 h5 17. O-O Qf8 18. f4 Bh6 19. Nd5 Bxd5 20. Qxd5+ Rf7 21.
Qe4 Ng4 22. Qxg6+ Rg7 23. Qe6+ Qf7 24. Bxg4 Rxg4 25. Qxf7+ Kxf7 26. g3 Re8 27.
Kf2 Rg6 28. Kf3 a6 29. Rfe1 Bg7 30. h3 Bb2 31. Rc2 Bd4 32. Rce2 Bxe3 33. Rxe3
Rxe3+ 34. Rxe3 Rh6 35. f5 b5 36. Kf4 Rh8 37. Kg5 bxc4 38. bxc4 a5 39. f6 Rg8+
40. Kf5 c6 41. Re7+ Kf8 42. g4 1-0

[Event "42nd Olympiad Baku 2016 Open"]
[Site "Baku"]
[Date "2016.09.05"]
[Round "4.19"]
[White "Yu, Yangyi"]
[Black "Brunello, Sabino"]
[Result "1/2-1/2"]
[ECO "A20"]
[WhiteElo "2725"]
[BlackElo "2568"]
[Annotator ""]
[PlyCount "103"]
[EventDate "2016.??.??"]
[EventCountry "AZE"]
[SourceTitle "playchess.com"]
[Source "ChessBase"]
[WhiteTeam "China"]
[BlackTeam "Italy"]
[WhiteTeamCountry "CHN"]
[BlackTeamCountry "ITA"]
[TimeControl "40/5400+30:1800+30"]

1. c4 {(00:00)} e5 {(00:00)} 2. g3 {(00:00)} d6 {(
02:47)} 3. Bg2 {(00:00)} f5 {(00:03)} 4. d4 {(07:36)} Be7
{(00:53)} 5. Nc3 {(12:26)} Nf6 {(04:51)} 6. Nh3 {(
03:49)} O-O {(05:06)} 7. O-O {(01:05)} h6 {(15:54)} 8. b3
{(14:39)} c6 {(02:08)} 9. d5 {(03:03)} c5 {(02:26)}
10. f4 {(01:07)} e4 {(00:25)} 11. Nf2 {(00:12)} h5 {
(05:27)} 12. e3 {(10:15)} Na6 {(08:04)} 13. Bb2 {(
01:40)} Nc7 {(00:09)} 14. a4 {(06:23)} a6 {(10:08)} 15. a5
{(01:23)} Rb8 {(02:04)} 16. Na4 {(01:04)} Qe8 {(00:
59)} 17. Bc3 {(02:37)} Na8 {(03:33)} 18. Qc2 {(05:05)} b5
{(02:32)} 19. axb6 {(01:15)} Nxb6 {(00:07)} 20. Nxb6 {
(00:47)} Rxb6 {(00:02)} 21. Rfb1 {(01:14)} Qg6 {(
01:18)} 22. Kh1 {(03:26)} Nd7 {(06:16)} 23. Bf1 {(01:49)}
Qh6 {(04:07)} 24. h4 {(03:40)} Bf6 {(02:21)} 25. Be2 {
(00:10)} Bxc3 {(00:25)} 26. Qxc3 {(00:04)} Qf6 {(
00:35)} 27. Nd1 {(00:58)} Qxc3 {(01:57)} 28. Nxc3 {(00:04]
} g6 {(06:40)} 29. Kg2 {(00:18)} Bb7 {(00:47)} 30. Kf2 {
(00:28)} Rb8 {(00:39)} 31. Ke1 {(03:39)} Bc8 {(01:
53)} 32. Bd1 {(00:16)} Kf7 {(00:07)} 33. Kd2 {(00:03)} Ke7
{(00:21)} 34. Ra5 {(00:26)} Kd8 {(01:18)} 35. Na2 {
(00:31)} Kc7 {(00:26)} 36. Kc3 {(00:03)} R8b7 {(01:
55)} 37. Bc2 {(01:45)} Rb8 {(00:21)} 38. Bd1 {(07:24)}
R8b7 {(00:21)} 39. Nc1 {(00:49)} Nf6 {(01:14)} 40. Rba1 {
(00:00)} Rb8 {(00:00)} 41. R1a4 {(01:02)} Bd7 {(03:
12)} 42. Ra3 {(00:19)} Bc8 {(00:54)} 43. R5a4 {(02:21)}
Rb4 {(05:30)} 44. Na2 {(04:54)} Rxa4 {(01:41)} 45. Rxa4 {
(00:14)} Nd7 {(02:08)} 46. Bc2 {(03:09)} Ra8 {(07:
49)} 47. Ra5 {(08:40)} Kb6 {(01:42)} 48. Ra3 {(00:27)} a5
{(00:57)} 49. Kd2 {(00:52)} Ra6 {(04:43)} 50. Nc3 {
(00:44)} Nf6 {(00:23)} 51. Na4+ {(03:06)} Kc7 {(00:
28)} 52. Bd1 {(00:15)} 1/2-1/2

[Event "42nd Olympiad Baku 2016 Open"]
[Site "Baku"]
[Date "2016.09.05"]
[Round "4.4"]
[White "Yussof, Pg Abd Rahman"]
[Black "Joang Molapo"]
[Result "0-1"]
[ECO "C01"]
[WhiteElo "1927"]
[BlackElo "1685"]
[Annotator ""]
[PlyCount "62"]
[EventDate "2016.??.??"]
[EventCountry "AZE"]
[SourceTitle "playchess.com"]
[Source "ChessBase"]
[WhiteTeam "Brunei"]
[BlackTeam "Lesotho"]
[WhiteTeamCountry "BRN"]
[BlackTeamCountry "LES"]
[TimeControl "40/5400+30:1800+30"]

1. e4 {(00:00)} e6 {(00:00)} 2. d4 {(02:46)} d5 {(
00:00)} 3. exd5 {(00:52)} exd5 {(00:00)} 4. Bd3 {(00:45)}
Bd6 {(00:16)} 5. Nf3 {(00:31)} Ne7 {(00:46)} 6. O-O {
(03:35)} Bg4 {(00:35)} 7. Bg5 {(03:44)} f6 {(00:20]
} 8. Bh4 {(00:48)} Nbc6 {(00:07)} 9. c3 {(01:27)} Qd7 {
(00:23)} 10. Nbd2 {(03:25)} O-O-O {(05:30)} 11. Bg3 {
(00:03)} Bxg3 {(06:33)} 12. fxg3 {(00:33)} h5 {(01:
54)} 13. Qc2 {(01:30)} g5 {(01:28)} 14. b4 {(06:10)} Rdg8
{(01:49)} 15. a4 {(15:22)} h4 {(01:08)} 16. gxh4 {(
01:10)} gxh4 {(00:17)} 17. Kf2 {(21:35)} Kb8 18. a5 Bh5 {(
26:42)} 19. Rg1 {(13:05)} Bg6 {(03:04)} 20. b5 {(02:05)}
Nd8 {(00:16)} 21. Rae1 {(06:35)} Ne6 {(06:05)} 22. Bxg6 {
(02:53)} Rxg6 {(03:29)} 23. Qd3 {(03:00)} Rg7 {(05:
13)} 24. Qe3 {(01:47)} Ng5 {(00:39)} 25. b6 {(01:21)} Nf5
{(03:59)} 26. Qf4 {(02:49)} Nd6 {(00:12)} 27. bxc7+ {
(03:50)} Qxc7 {(00:32)} 28. Qe3 {(00:18)} Nge4+ {(
01:59)} 29. Kf1 {(01:30)} Qxa5 {(01:05)} 30. Rc1 {(00:58)}
Re8 {(01:43)} 31. Nxe4 {(00:30)} Rxe4 {(00:30)} 0-1

[Event "42nd Olympiad Baku 2016 Open"]
[Site "Baku"]
[Date "2016.09.05"]
[Round "4.13"]
[White "Zhang, Zhong"]
[Black "Marciano, David"]
[Result "1-0"]
[ECO "A08"]
[WhiteElo "2637"]
[BlackElo "2475"]
[Annotator ""]
[PlyCount "135"]
[EventDate "2016.??.??"]
[EventCountry "AZE"]
[SourceTitle "playchess.com"]
[Source "ChessBase"]
[WhiteTeam "Singapore"]
[BlackTeam "Monaco"]
[WhiteTeamCountry "SIN"]
[BlackTeamCountry "MNC"]
[TimeControl "40/5400+30:1800+30"]

1. e4 {(00:00)} c5 {(00:00)} 2. Nf3 {(00:00)} e6 {(
00:00)} 3. g3 {(00:43)} Nc6 {(01:47)} 4. Bg2 {(00:13)} Nf6
{(04:01)} 5. d3 {(00:52)} d5 {(00:05)} 6. Nbd2 {(
00:53)} Be7 {(00:05)} 7. O-O {(00:05)} O-O {(00:03)} 8.
Re1 {(00:20)} b5 {(00:06)} 9. e5 {(03:14)} Nd7 {(
00:05)} 10. h4 {(00:22)} a5 {(00:27)} 11. Nf1 {(00:57)} b4
{(00:58)} 12. h5 {(00:22)} h6 {(00:04)} 13. Bf4 {(
02:10)} a4 {(02:13)} 14. a3 {(00:19)} bxa3 {(00:39)} 15.
bxa3 {(00:05)} Rb8 {(05:04)} 16. Ne3 {(02:47)} Ba6 {
(16:15)} 17. Ra2 {(08:22)} c4 {(20:34)} 18. dxc4 {(
06:48)} d4 {(00:47)} 19. Nxd4 {(06:38)} Nxd4 {(00:05)} 20.
Qxd4 {(00:05)} Qa5 {(00:23)} 21. Raa1 {(13:49)} Rfd8 {
(04:24)} 22. Ng4 {(07:35)} Nb6 {(10:21)} 23. Qe4 {(
01:50)} Qc3 {(00:05)} 24. Red1 {(17:19)} Bb7 {(09:28)} 25.
Qe2 {(06:27)} Bxg2 {(00:46)} 26. Kxg2 {(00:04)} Qxc4 {
(08:15)} 27. Qf3 {(00:45)} Bf8 {(04:12)} 28. Rxd8 {
(06:50)} Rxd8 {(00:05)} 29. Rb1 {(00:04)} Nd5 {(06:
47)} 30. Ne3 {(11:05)} Nxe3+ {(00:28)} 31. Bxe3 {(00:28)}
Qxc2 {(00:24)} 32. Rb7 {(02:27)} Qf5 {(00:02)} 33. Qxf5 {
(01:44)} exf5 {(00:01)} 34. Ra7 {(00:12)} Bxa3 {(
00:19)} 35. Rxa4 {(00:02)} Bb2 {(00:19)} 36. f4 {(00:10)}
Re8 {(03:26)} 37. Kf3 {(00:25)} f6 {(01:33)} 38. Rb4 {
(01:51)} Bc3 {(01:28)} 39. Rb3 {(00:07)} Ba1 {(00:
07)} 40. exf6 {(00:00)} Bxf6 {(00:00)} 41. Rb5 {(00:32)}
Ra8 {(02:02)} 42. Rxf5 {(02:22)} Ra3 {(01:33)} 43. Rd5 {
(00:10)} Kf7 {(00:05)} 44. Ke4 {(03:17)} Ke6 {(00:
09)} 45. Rb5 {(00:08)} Ra4+ {(00:43)} 46. Kd3 {(01:02)}
Ra3+ {(00:37)} 47. Ke2 {(00:05)} Ra2+ {(00:21)} 48. Kf3 {
(00:03)} Ra3 {(00:55)} 49. Rb6+ {(00:48)} Kd5 {(00:
39)} 50. Rb4 {(00:57)} Ke6 {(06:39)} 51. Ke4 {(00:35)} Ra5
{(00:04)} 52. g4 {(00:14)} Kf7 {(00:14)} 53. Bb6 {(
03:50)} Ra2 {(00:25)} 54. Bc5 {(06:46)} Ra5 {(00:38)} 55.
Rb7+ {(00:28)} Ke8 {(00:42)} 56. Bd6 {(02:06)} Ba1 {
(01:57)} 57. Be5 {(03:02)} Kf8 {(00:24)} 58. Kf5 {(
00:54)} Bd4 {(00:46)} 59. Kg6 {(02:28)} Bxe5 {(00:05)} 60.
fxe5 {(00:06)} Rxe5 {(00:03)} 61. Rf7+ {(00:36)} Kg8 {
(00:01)} 62. Rxg7+ {(00:15)} Kh8 {(00:04)} 63. Kxh6 {
(00:29)} Rxh5+ {(00:12)} 64. Kxh5 {(00:05)} Kxg7 {(
00:04)} 65. Kg5 {(00:02)} Kg8 {(00:10)} 66. Kh6 {(00:40)}
Kh8 {(00:08)} 67. g5 {(00:15)} Kg8 {(00:01)} 68. Kg6 1-0

[Event "42nd Olympiad Baku 2016 Open"]
[Site "Baku"]
[Date "2016.09.05"]
[Round "4.27"]
[White "Zhigalko, Andrey"]
[Black "Neiksans, Arturs"]
[Result "1/2-1/2"]
[ECO "B49"]
[WhiteElo "2591"]
[BlackElo "2628"]
[Annotator ""]
[PlyCount "64"]
[EventDate "2016.??.??"]
[EventCountry "AZE"]
[SourceTitle "playchess.com"]
[Source "ChessBase"]
[WhiteTeam "Belarus"]
[BlackTeam "Latvia"]
[WhiteTeamCountry "BLR"]
[BlackTeamCountry "LAT"]
[TimeControl "40/5400+30:1800+30"]

1. e4 {(00:00)} c5 {(00:00)} 2. Nf3 {(00:00)} e6 {(
00:00)} 3. d4 {(00:00)} cxd4 {(00:00)} 4. Nxd4 {(00:00)}
Nc6 {(00:19)} 5. Nc3 {(00:00)} Qc7 {(00:05)} 6. Be2 {
(00:22)} a6 {(00:23)} 7. Be3 {(00:24)} Nf6 {(00:43]
} 8. a3 {(00:27)} b5 {(05:41)} 9. Nxc6 {(00:20)} dxc6 {
(00:18)} 10. f4 {(00:10)} Bb7 {(01:20)} 11. e5 {(
00:27)} Nd7 {(11:00)} 12. Bf3 {(48:04)} Rd8 {(08:15)} 13.
Qe2 {(00:36)} Be7 {(00:08)} 14. Ne4 {(06:23)} O-O {
(02:01)} 15. O-O {(02:41)} c5 {(07:28)} 16. a4 {(
00:53)} b4 {(20:00)} 17. Nd2 {(01:31)} Nb6 {(00:40)} 18.
Bxb7 {(05:33)} Qxb7 {(00:47)} 19. a5 {(15:16)} Nd5 {
(00:13)} 20. b3 {(00:35)} f5 {(05:23)} 21. Nc4 {(
02:07)} Nc3 {(05:06)} 22. Qf3 {(00:51)} Qc7 {(00:16)} 23.
Rae1 {(01:33)} Qd7 {(09:16)} 24. Bd2 {(03:27)} Ne4 {
(00:22)} 25. Be3 {(00:43)} Qb5 {(01:10)} 26. Rd1 {(
04:40)} Rd5 {(04:06)} 27. Rd3 {(00:05)} Rfd8 {(02:01)} 28.
Rfd1 {(00:05)} R8d7 {(00:57)} 29. g4 {(02:38)} Nc3 {
(05:56)} 30. R1d2 {(00:32)} Ne4 {(02:44)} 31. Rd1 {
(00:04)} Nc3 {(00:44)} 32. R1d2 {(00:04)} Ne4 {(04:
32)} 1/2-1/2

[Event "42nd Olympiad Baku 2016 Open"]
[Site "Baku"]
[Date "2016.09.05"]
[Round "4.25"]
[White "Zhigalko, Sergei"]
[Black "Shirov, Alexei"]
[Result "1-0"]
[ECO "C03"]
[WhiteElo "2652"]
[BlackElo "2673"]
[Annotator ""]
[PlyCount "89"]
[EventDate "2016.??.??"]
[EventCountry "AZE"]
[SourceTitle "playchess.com"]
[Source "ChessBase"]
[WhiteTeam "Belarus"]
[BlackTeam "Latvia"]
[WhiteTeamCountry "BLR"]
[BlackTeamCountry "LAT"]
[TimeControl "40/5400+30:1800+30"]

1. e4 {(00:00)} e6 {(00:00)} 2. d4 {(00:00)} d5 {(
00:00)} 3. Nd2 {(00:08)} Be7 {(00:00)} 4. Bd3 {(20:52)} c5
{(00:40)} 5. dxc5 {(00:40)} Nf6 {(00:08)} 6. Qe2 {(
03:47)} O-O {(12:11)} 7. Ngf3 {(01:54)} a5 {(01:18)} 8.
O-O {(05:54)} Na6 {(09:31)} 9. e5 {(01:06)} Nd7 {(
00:55)} 10. c3 {(04:31)} Naxc5 {(00:16)} 11. Bb5 {(00:20)}
f6 {(06:03)} 12. exf6 {(08:32)} Bxf6 {(01:49)} 13. Nb3 {
(01:54)} Nxb3 {(37:10)} 14. axb3 {(00:20)} e5 {(00:
03)} 15. Bxd7 {(15:43)} Bxd7 {(00:58)} 16. Nxe5 {(01:08)}
Re8 {(07:31)} 17. Bf4 {(11:04)} Bf5 {(00:50)} 18. Rfe1 {
(05:01)} Ra6 {(05:06)} 19. Qd2 {(01:28)} Rae6 {(00:
27)} 20. Nf3 {(00:27)} Be4 {(07:51)} 21. Nd4 {(00:31)}
Bxd4 {(00:16)} 22. Qxd4 {(00:17)} Bc2 {(00:07)} 23. Rxe6 {
(03:10)} Rxe6 {(00:05)} 24. b4 {(02:47)} a4 {(00:
05)} 25. Be5 {(02:31)} Bb3 {(06:40)} 26. Re1 {(00:31)} Qg5
{(01:40)} 27. h3 {(02:49)} h5 {(00:32)} 28. Re3 {(
00:26)} Kh7 {(00:11)} 29. Kh2 {(01:28)} b5 {(00:49)} 30.
Qd3+ {(01:07)} Qg6 {(00:49)} 31. Qxb5 {(00:34)} Qf5 {
(00:05)} 32. Qe2 {(02:28)} Bc4 {(00:15)} 33. Qe1 {(
00:10)} Qc2 {(01:27)} 34. Bd4 {(00:11)} Re4 {(00:24)} 35.
f3 {(00:49)} Rxe3 {(00:27)} 36. Qxe3 {(00:02)} Bf1 {
(00:24)} 37. Qg5 {(01:10)} Qg6 {(00:05)} 38. Qd2 {(
01:38)} Bb5 {(01:14)} 39. Be5 {(00:11)} Bc4 {(00:14)} 40.
Qf2 {(00:00)} Qf5 {(00:00)} 41. Qg3 {(06:48)} Qg6 {
(02:09)} 42. Qxg6+ {(00:51)} Kxg6 {(00:06)} 43. g4 {
(00:03)} hxg4 {(01:44)} 44. fxg4 {(00:13)} Kf7 {(
05:26)} 45. h4 {(02:39)} 1-0

[Event "42nd Olympiad Baku 2016 Open"]
[Site "Baku"]
[Date "2016.09.05"]
[Round "4.21"]
[White "Ziska, Helgi Dam"]
[Black "Stefansson, Hannes"]
[Result "1/2-1/2"]
[ECO "C54"]
[WhiteElo "2546"]
[BlackElo "2574"]
[Annotator ""]
[PlyCount "66"]
[EventDate "2016.??.??"]
[EventCountry "AZE"]
[SourceTitle "playchess.com"]
[Source "ChessBase"]
[WhiteTeam "Faroe Islands"]
[BlackTeam "Iceland"]
[WhiteTeamCountry "FAI"]
[BlackTeamCountry "ISL"]
[TimeControl "40/5400+30:1800+30"]

1. e4 {(00:00)} e5 {(00:01)} 2. Nf3 {(00:00)} Nc6 {
(00:15)} 3. Bc4 {(00:23)} Bc5 {(00:20)} 4. c3 {(01:
38)} Nf6 {(00:31)} 5. d3 {(00:08)} a6 {(00:45)} 6. O-O {
(01:00)} d6 {(02:37)} 7. a4 {(02:42)} Ba7 {(01:58)}
8. Be3 {(02:57)} O-O {(01:16)} 9. Nbd2 {(01:57)} Ne7 {
(02:41)} 10. Bxa7 {(14:42)} Rxa7 {(00:08)} 11. a5 {
(01:28)} Ng6 {(01:13)} 12. Re1 {(01:39)} Ra8 {(02:
59)} 13. d4 {(15:07)} h6 {(02:29)} 14. Nf1 {(04:04)} c6 {
(05:50)} 15. dxe5 {(03:48)} dxe5 {(00:28)} 16. Qxd8 {
(01:35)} Rxd8 {(00:08)} 17. h3 {(04:50)} Kf8 {(01:
41)} 18. Ba2 {(04:05)} Ne8 {(04:23)} 19. Ne3 {(03:54)} Nc7
{(03:18)} 20. Kf1 {(02:32)} f6 {(00:56)} 21. Rad1 {
(02:34)} Be6 {(00:36)} 22. Bxe6 {(00:46)} Nxe6 {(
00:07)} 23. g3 {(01:51)} Nc5 {(05:11)} 24. Rxd8+ {(01:15)}
Rxd8 {(00:06)} 25. Nc4 {(00:08)} Ke7 {(01:28)} 26. Nfd2 {
(01:08)} Nf8 {(00:28)} 27. Ke2 {(01:45)} Nfe6 {(00:
20)} 28. h4 {(00:56)} h5 {(00:22)} 29. f3 {(03:13)} Nc7 {
(01:18)} 30. Ne3 {(02:03)} g6 {(00:13)} 31. Ndc4 {(
00:23)} Nb5 {(01:34)} 32. Rg1 {(01:51)} Ne6 {(00:34)} 33.
Nc2 {(01:08)} Nd6 {(01:24)} 1/2-1/2

[Event "42nd Olympiad Baku 2016 Open"]
[Site "Baku"]
[Date "2016.09.06"]
[Round "5.3"]
[White "Abdelazeez Mohamed Abdalla"]
[Black "Ameku, Philip Elikem"]
[Result "1-0"]
[ECO "E30"]
[WhiteElo "2183"]
[BlackElo "1914"]
[Annotator ""]
[PlyCount "83"]
[EventDate "2016.??.??"]
[EventType "team-tourn"]
[EventCountry "AZE"]
[SourceTitle "playchess.com"]
[Source "ChessBase"]
[WhiteTeam "Sudan"]
[BlackTeam "Ghana"]
[WhiteTeamCountry "SUD"]
[BlackTeamCountry "GHA"]
[TimeControl "40/5400+30:1800+30"]

1. d4 {(00:00)} Nf6 {(00:25)} 2. c4 {(00:00)} e6 {(
02:14)} 3. Bg5 {(01:20)} Bb4+ {(00:48)} 4. Nc3 {(01:36)}
c5 {(00:30)} 5. d5 {(15:00)} e5 {(02:24)} 6. Nf3 {(
02:11)} d6 {(00:37)} 7. Qc2 {(05:39)} Bg4 {(00:41)} 8. Nd2
{(01:18)} Bxc3 {(00:36)} 9. Qxc3 {(04:59)} O-O {(
01:13)} 10. f4 Re8 {(05:41)} 11. h3 {(07:04)} Bc8 {(03:14]
} 12. g4 {(06:36)} h6 {(04:53)} 13. Bxf6 {(05:47)} Qxf6 {
(00:06)} 14. f5 {(00:15)} Qh4+ {(00:38)} 15. Kd1 {(
00:02)} Qf2 {(02:42)} 16. Ne4 {(01:35)} Qf4 {(02:04)} 17.
Bg2 {(00:23)} h5 {(03:39)} 18. e3 {(00:24)} Qh6 {(
00:57)} 19. g5 {(00:13)} Qh7 {(02:41)} 20. Nxd6 {(00:09)}
Rf8 {(05:13)} 21. Qxe5 {(05:07)} Nd7 {(01:24)} 22. Qf4 {
(00:46)} Nb6 {(01:36)} 23. e4 {(06:22)} Bd7 {(05:
34)} 24. Bf3 {(00:09)} g6 {(02:32)} 25. Rg1 {(03:19)} Ba4+
{(02:09)} 26. b3 {(00:03)} Qh8 {(00:38)} 27. e5 {(
02:11)} Rad8 {(02:44)} 28. f6 {(02:01)} Bd7 {(00:54)} 29.
Nxb7 Rc8 {(05:36)} 30. Nd6 {(00:30)} Rb8 {(00:25)} 31. Kc2
{(00:28)} Bxh3 {(02:09)} 32. Rh1 {(00:09)} Bd7 {(
00:24)} 33. Rag1 {(00:12)} Rfd8 {(01:45)} 34. Bxh5 {(01:
19)} gxh5 {(00:18)} 35. g6 {(00:03)} fxg6 {(00:58)} 36.
Rxg6+ {(00:03)} Kf8 {(00:42)} 37. Rhg1 {(00:06)} Bg4 {
(00:57)} 38. Rh6 {(04:10)} Qg8 {(00:09)} 39. Rxh5 {
(00:03)} Bf5+ {(00:23)} 40. Rxf5 {(00:00)} Qxg1 {(
00:00)} 41. Qh6+ {(00:47)} Kg8 {(02:32)} 42. f7# {(00:02)}
1-0